 Dungeon Crawl Stone Soup version 0.30.1-9-gdf580d7c3d (webtiles) character file.

Game seed: 7603139909416675910

4 Ninjinzu the Chiller (level 1, 0/13 HPs)
             Began as a Demonspawn Ice Elementalist on Oct 6, 2023.
             Slain by a kobold
             ... wielding a +0 dagger
              (3 damage)
             ... on level 1 of the Dungeon.
             The game lasted 00:01:40 (132 turns).

Ninjinzu the Chiller (Demonspawn Ice Elementalist)   Turns: 132, Time: 00:01:40

Health: 0/13       AC:  2    Str:  8    XL:     1   Next: 58%
Magic:  0/3        EV: 12    Int: 16    God:
Gold:   12         SH:  0    Dex: 13    Spells: 3/4 levels left

rFire   . . .        (no weapon)
rCold   . . .        (no shield)
rNeg    . . .        a - +0 robe
rPois   .            (no helmet)
rElec   .            (no cloak)
rCorr   .            (no gloves)
SInv    .            (no boots)
Will    .....        (no amulet)
Stlth   ++           (no ring)
HPRegen 0.22/turn    (no ring)
MPRegen 0.08/turn

%: no passive effects
@: no status effects
A: no striking features
a: no special abilities


You were on level 1 of the Dungeon.
You visited 1 branch of the dungeon, and saw 1 of its levels.

You collected 12 gold pieces.

Inventory:

Armour
 a - a +0 robe (worn)
Potions
 b - a potion of magic


   Skills:
 + Level 2.0 Dodging
 + Level 1.8 Stealth
 + Level 2.0 Spellcasting
 + Level 3.6 Ice Magic


You had 3 spell levels left.
You knew the following spells:

 Your Spells              Type           Power      Damage    Failure   Level
a - Freeze                Ice            52%        1d6       4%          1

Your spell library contained the following spells:

 Spells                   Type           Power      Damage    Failure   Level
 Frozen Ramparts          Ice            26%        1d4       14%         3
 Ozocubu's Armour         Ice            13%        N/A       14%         3
 Summon Ice Beast         Ice/Summ       7%         N/A       67%         4


Dungeon Overview and Level Annotations

Branches:
Dungeon (1/15)

Altars:


Message History

Press: ? - help, Q - select action Shift-Dir - straight line, f - dart slug
Aim: a dart slug (moderately wounded)
You freeze the dart slug.
The dart slug is severely wounded.
The dart slug closely misses you.
You hit the dart slug but do no damage.
The dart slug is severely wounded.
Aiming: Freeze (safe; 4% risk of failure)
Press: ? - help, Q - select action Shift-Dir - straight line, f/p - dart slug
Aim: a dart slug (severely wounded)
You freeze the dart slug.
You kill the dart slug!
The hobgoblin shouts!
Your Dodging skill increases to level 2!
Aiming: Freeze (safe; 4% risk of failure)
Press: ? - help, Q - select action Shift-Dir - straight line, f - kobold
Aim: a kobold, wielding a +0 dagger and quivering stones You freeze the kobold.
The kobold is heavily wounded.
The kobold misses you.
You hit the kobold but do no damage.
The kobold is heavily wounded.
The kobold hits you with a +0 dagger.
You hit the kobold but do no damage.
The kobold is heavily wounded.
The kobold barely misses you.
You hit the kobold but do no damage.
The kobold is heavily wounded.
The kobold hits you with a +0 dagger.
You closely miss the kobold.
The kobold is heavily wounded.
The hobgoblin barely misses you. The kobold hits you with a +0 dagger.
You hit the kobold but do no damage.
The kobold is heavily wounded.
The hobgoblin hits you. The kobold hits you with a +0 dagger.
* * * LOW HITPOINT WARNING * * *
You barely miss the kobold.
The kobold is heavily wounded.
The hobgoblin barely misses you. The kobold hits you with a +0 dagger.
You die...

##.#.#.....)...........
.>....####...........#
#.#.#................#
#>#..................#
#.......#.#.###.###..#
###.............# #..#
#..........######...
#..K.......##.......
#..@................
#..g....)..#.##.###.
....................#.
.....$......##.>.#......
#####'#####.##...#..#.#.
.. .......#..#>#. ..$
.......#..#.#. ....
.......)..#.#.
.......#....#.


You could see a hobgoblin and a kobold.

Vanquished Creatures
  A dart slug (D:1)
  A ball python (D:1)
  A bat (D:1)
  A frilled lizard (D:1)
  A kobold (D:1)
5 creatures vanquished.

Notes
Turn   | Place    | Note
-------+----------+-------------------------------------------
     0 | D:1      | Ninjinzu the Demonspawn Ice Elementalist began the quest
                  | for the Orb.
     0 | D:1      | Reached XP level 1. HP: 13/13 MP: 3/3
   132 | D:1      | Slain by a kobold

Illustrated notes

Levels and vault maps discovered:
D:1:      wander_arrival_abandoned_jail, layout_basic

Skill      XL: |  1 |
---------------+----+-----
Dodging        | 2 |  2.0
Stealth        | |  1.8
Spellcasting   | |  2.0
Ice Magic      | |  3.6

Action                     || total
---------------------------++-------
  Melee: Unarmed           ||    17
   Cast: Freeze            ||     8
 Armour: Robe              ||     8
  Dodge: Dodged            ||    13
